AoeStats
← AOKI_Shogi

Arabia

510198863Analyzed
4v4 RM · 3d ago on Sep 29, 2026· 45m 47s· 8 players
Game mode
Random Map
Map size
Large (8 player)
Population
200
Speed
Normal
Resources
Standard
Victory
Conquest
Starting age
Dark Age
Ending age
Imperial Age
RankedLock teamsTeams togetherTeam positionsShared explorationLock speedFull tech treeHidden civsTurbo modeCheats
Victory
Defeat
🇲🇦 Maya · Morocco
1601
+11
🇨🇭 Khmer · Switzerland
1486
+16
🇫🇷 Franks · France
1418
+19
🇫🇷 Britons · France
1389
+20
🇦🇷 Ethiopians · Argentina
1544
-19
🇦🇷 Persians · Argentina
1496
-17
🇦🇷 Poles · Argentina
1478
-16
🇦🇷 Vietnamese · Argentina
1420
-14
BehCoY
9:00 Feudal Age
9:03 Loom
9:33 Double-Bit Axe
9:29 Horse Collar
15:02 Scale Barding Armor
16:43 Forging
22:10 Castle Age
20:52 Bloodlines
20:42 Gold Mining
22:13 Light Cavalry
23:18 Chain Barding Armor
23:19 Husbandry
23:57 Bow Saw
25:00 Wheelbarrow
26:01 Iron Casting
26:51 Heavy Plow
35:21 Stone Mining
42:12 Imperial Age
42:17 Cavalier
43:39 Plate Barding Armor
45:07 Blast Furnace
46:37 Crop Rotation
Yarcla
6:27 Loom
9:07 Feudal Age
9:38 Double-Bit Axe
16:40 Scale Barding Armor
23:43 Castle Age
22:58 Forging
23:04 Gold Mining
24:47 Chain Barding Armor
24:41 Bow Saw
25:10 Gold Shaft Mining
26:46 Husbandry
31:22 Iron Casting
37:15 Stone Mining
46:35 Imperial Age
44:40 Wheelbarrow
46:16 Hand Cart
Skrillll
0:25 Loom
8:49 Feudal Age
9:21 Double-Bit Axe
12:07 Fletching
22:40 Castle Age
20:41 Horse Collar
22:20 Padded Archer Armor
22:59 Gold Mining
22:43 Crossbowman
23:23 Bodkin Arrow
23:56 Bow Saw
25:07 Ballistics
24:58 Padded Archer Armor
29:28 Wheelbarrow
31:37 Thumb Ring
33:23 Leather Archer Armor
35:03 Hand Cart
37:47 Imperial Age
35:29 Stone Mining
38:36 Bracer
37:57 Arbalester
41:20 Hand Cart
42:23 Conscription
43:35 Chemistry
AOKI_Shogi
6:13 Loom
9:00 Feudal Age
12:09 Fletching
15:35 Padded Archer Armor
20:42 Double-Bit Axe
22:15 Town Watch
22:16 Horse Collar
30:27 Castle Age
28:40 Gold Mining
31:22 Bow Saw
30:36 Crossbowman
32:21 Gold Shaft Mining
31:48 Bodkin Arrow
33:16 Ballistics
34:14 Leather Archer Armor
34:44 Wheelbarrow
35:07 Stone Mining
40:44 Yeomen
43:16 Imperial Age
42:45 Hand Cart
43:20 Arbalester
44:49 Bracer
45:52 Chemistry
45:59 Ring Archer Armor
[TOX2] satho
6:09 Loom
8:33 Feudal Age
11:37 Fletching
18:44 Horse Collar
18:54 Double-Bit Axe
23:40 Castle Age
22:45 Gold Mining
23:41 Padded Archer Armor
23:42 Crossbowman
24:18 Bodkin Arrow
25:06 Thumb Ring
26:10 Ballistics
36:04 Imperial Age
34:53 Wheelbarrow
36:25 Arbalester
38:33 Arbalester
41:45 Town Watch
[TOX2] Lord Rucci
6:52 Loom
9:27 Feudal Age
9:57 Double-Bit Axe
14:58 Fletching
16:42 Padded Archer Armor
24:16 Castle Age
23:02 Gold Mining
23:42 Horse Collar
24:22 Crossbowman
25:36 Bodkin Arrow
31:53 Leather Archer Armor
36:10 Ballistics
41:45 Imperial Age
40:13 Thumb Ring
41:50 Arbalester
43:05 Ring Archer Armor
43:09 Bracer
43:49 Town Watch
abija
6:33 Loom
9:00 Feudal Age
9:47 Double-Bit Axe
9:47 Horse Collar
15:47 Scale Barding Armor
17:52 Forging
19:25 Bloodlines
20:40 Wheelbarrow
25:06 Castle Age
24:00 Gold Mining
26:11 Chain Barding Armor
25:54 Husbandry
26:32 Bow Saw
29:26 Heavy Plow
37:53 Stone Mining
42:38 Fletching
43:24 Iron Casting
43:14 Szlachta Privileges
47:34 Imperial Age
[TOX2] A-c-Syno-666
6:26 Loom
8:40 Feudal Age
9:19 Double-Bit Axe
10:58 Horse Collar
13:50 Scale Barding Armor
17:56 Forging
23:52 Castle Age
22:28 Bloodlines
22:19 Gold Mining
24:39 Bow Saw
24:31 Heavy Plow
25:02 Husbandry
25:24 Chain Barding Armor
27:26 Iron Casting
31:41 Town Watch
32:31 Wheelbarrow
37:53 Gold Shaft Mining
37:38 Hand Cart
Connection lost

Rejoining the realm…

Still unreachable

The connection could not be restored.

Session expired

The server has moved on; the page needs a fresh start.